 Dungeon Crawl Stone Soup version 0.30.0-5-g1a98f26d00 (webtiles) character file.

Game seed: 15428033584429236354

1312 Jackthecabe the Covert (level 8, 0/36 HPs)
             Began as a Vine Stalker Fire Elementalist on May 9, 2023.
             Hit by a large rock thrown by a cyclops (21 damage)
             ... on level 6 of the Dungeon.
             The game lasted 00:10:13 (6795 turns).

Jackthecabe the Covert (VSFE)                       Turns: 6795, Time: 00:10:13

Health: 0/36       AC:  4    Str: 11    XL:     8   Next: 58%
Magic:  0/12       EV: 11    Int: 15    God:
Gold:   396        SH:  0    Dex: 17    Spells: 9/12 levels left

rFire   . . .        p - +2 dagger (speed)
rCold   . . .        (no shield)
rNeg    . . .        v - +0 leather armour
rPois   .            y - +0 helmet
rElec   .            (no cloak)
rCorr   .            (no gloves)
SInv    .            (no boots)
Will    +....        z - amulet of faith {!P}
Stlth   +++++        (no ring)
HPRegen 1.06/turn    (no ring)
MPRegen 0.13/turn

%: guardian spirit, faith
@: no status effects
A: fangs 3, regeneration 1, magic shield, antimagic bite, no potion heal 2
a: no special abilities


You were on level 6 of the Dungeon.
You visited 1 branch of the dungeon, and saw 6 of its levels.

You collected 396 gold pieces.


Innate Abilities, Weirdness & Mutations

You have razor-sharp teeth.
Your natural rate of healing is unusually fast.
When hurt, damage is shared between your health and your magic reserves.
Your bite disrupts and absorbs the magic of your enemies.
Potions cannot restore your health.


   Skills:
 - Level 4.0 Short Blades
 - Level 1.5 Dodging
 + Level 10.7 Stealth
 - Level 2.5 Spellcasting
 - Level 1.0 Conjurations
 - Level 5.0 Fire Magic


You had 9 spell levels left.
You knew the following spells:

 Your Spells              Type           Power      Damage    Failure   Level
f - Foxfire               Conj/Fire      40%        2x1d6     9%          1
X - Scorch                Fire           32%        2d6       5%          2

Your spell library contained the following spells:

 Spells                   Type           Power      Damage    Failure   Level
 Inner Flame              Hex/Fire       9%         N/A       30%         3
 Volatile Blastmotes      Fire/Tloc      18%        2d11      30%         3
 Ensorcelled Hibernation  Hex/Ice        2%         N/A       38%         2
 Poisonous Vapours        Pois/Air       2%         N/A       38%         2
 Mephitic Cloud           Conj/Pois/Air  2%         N/A       58%         3
 Spider Form              Tmut/Pois      1%         N/A       63%         3
 Flame Wave               Conj/Fire      10%        2d6       63%         4
 Anguish                  Hex/Necr       0%         N/A       95%         4
 Freezing Cloud           Conj/Ice/Air   1%         6-21      100%        5

Inventory:

Hand Weapons
 p - a +2 dagger of speed (weapon)
 u - a +0 dagger of draining
Missiles
 e - 5 poisoned darts
 G - a throwing net {=f}
Armour
 v - a +0 leather armour (worn)
 y - a +0 helmet (worn)
Magical Staves
 C - a staff of fire {!a}
Jewellery
 z - an amulet of faith (around neck) {!P}
 F - an amulet of reflection
Wands
 q - a wand of charming (20)
 s - a wand of iceblast (7)
 x - a wand of flame (21)
Scrolls
 a - a scroll of noise {unknown}
 c - 4 scrolls of teleportation {unknown}
 d - a scroll of blinking {unknown}
 h - 2 scrolls of butterflies {unknown}
 i - a scroll of vulnerability {unknown}
 j - 4 scrolls of identify {unknown}
 m - 2 scrolls of magic mapping {unknown}
 n - 4 scrolls of immolation {unknown}
 r - 2 scrolls of fog {unknown}
 w - 2 scrolls of poison {unknown}
 D - a scroll of fear {unknown}
 E - a scroll of enchant weapon {unknown}
Potions
 b - 2 potions of magic
 f - 2 potions of curing {unknown}
 g - a potion of berserk rage {unknown}
 k - a potion of heal wounds {unknown}
 l - a potion of haste {unknown}
 o - a potion of lignification {unknown}
 t - a potion of cancellation {unknown}
 A - a potion of degeneration {unknown}
 B - a potion of attraction {unknown}

Dungeon Overview and Level Annotations

Branches:
Dungeon (6/15)
 Temple: D:4-7

Altars:
Hepliaklqana
Qazlal
Ru
Xom
Zin

Shops:
D:1 (   D:2 (

Annotations:
D:6 1 runed translucent door

.≈.♣♣♣.♣.≈...
.≈.......≈.# .≈≈≈≈≈≈≈C≈.#
.........=.#
.....#.#.###.# ###
#.......# #########.#####
#.....# #.# #.###.# #@#
####.###.# #.# #####
#.....##.###.########...#
#.##..................#.#
#.##.###.#.....######...#
##.##.###.##.[.## ##.##
##...#.....###.## #.#
#.....###### #.# ##.#####
#......# #.# #......#


You could see a cyclops.


Message History

m - 2 scrolls labelled XEAGEU LUZXE (gained 1)
Found a jade ring.
A scorpion comes into view.
The scorpion moves out of view.
Found a shimmering altar of Xom.
Found a scroll labelled SONIRI JOWNUYTHU.
A cyclops is nearby!
No reachable target in view!
No reachable target in view!
Casting: Scorch (safe; 5% risk of failure)
Confirm with . or Enter, or press ? or * to list all spells.
You conjure some foxfire!
Casting: Foxfire (safe; 9% risk of failure)
Confirm with . or Enter, or press ? or * to list all spells.
You don't know that spell.
Flames lash the cyclops.
The cyclops is lightly wounded.
The cyclops's fire resistance burns away.
The foxfire hits the cyclops!
The cyclops is burned terribly!
The cyclops is lightly wounded.
The foxfire hits the cyclops.
The cyclops is burned terribly!
The cyclops is moderately wounded.
The cyclops throws a large rock.
The large rock hits you!!
Ouch! That really hurt!
* * * LOW HITPOINT WARNING * * *
Unknown command.
The cyclops is no longer more vulnerable to fire.
The cyclops throws a large rock.
The large rock hits you!!
Ouch! That really hurt!
You die...

Skill      XL: |  1  2  3  4  5  6  7  8 |
---------------+-------------------------+-----
Fire Magic     | 4 5 |  5.0
Short Blades   | 2 3 4 |  4.0
Stealth        | 5 8 10 | 10.7
Dodging        | |  1.5
Spellcasting   | |  2.5
Conjurations   | |  1.0

Action                     |  1- 3 |  4- 6 |  7- 9 || total
---------------------------+-------+-------+-------++-------
  Melee: Unarmed           |     5 |       |       ||     5
         Bite              |    20 |    22 |    56 ||    98
         Club              |     7 |       |       ||     7
         Dagger            |    65 |    59 |   168 ||   292
         Punch             |     2 |       |     1 ||     3
  Throw: Dart              |     1 |       |       ||     1
   Cast: Foxfire           |    13 |     1 |    10 ||    24
         Scorch            |    17 |    37 |    64 ||   118
   Stab: Sleeping          |     5 |     2 |     3 ||    10
         Distracted        |     1 |       |       ||     1
 Armour: Robe              |     7 |     2 |       ||     9
         Leather armour    |       |     6 |    25 ||    31
  Dodge: Dodged            |    40 |    23 |    51 ||   114

Levels and vault maps discovered:
D:1:      dpeg_arrival_circle_labyrinth_c, layout_loops_ring, serial_shops,
          shop, nicolae_kite_square_tiling_tiny
D:2:      layout_basic, serial_shops, nicolae_shop_just_a_little_nook,
          basic_ecumenical_altar
D:3:      layout_basic, zin_academy, minmay_ogre_servants, uniq_ijyb
D:4:      layout_rooms, nicolae_ru_awakened_eye, due_unseen_surprise
D:5:      lemuel_ratsnest, layout_loops_ring, lemuel_coloured_pillars_altar,
          nicolae_qazlal_general_emergency
D:6:      layout_loops_corners, mainiacjoe_overflow_brackets,
          chequers_serial_rivers_micro_c, lightli_church_of_beogh

Notes
Turn   | Place    | Note
-------+----------+-------------------------------------------
     0 | D:1      | Jackthecabe the Vine Stalker Fire Elementalist began the
                  | quest for the Orb.
     0 | D:1      | Reached XP level 1. HP: 9/9 MP: 4/4
   212 | D:1      | Found Umunel's Antique Weapon Emporium.
   288 | D:1      | Reached XP level 2. HP: 13/13 MP: 2/6
  1190 | D:2      | Learned a level 2 spell: Scorch
  1254 | D:2      | Reached XP level 3. HP: 16/16 MP: 5/7
  1277 | D:2      | Reached skill level 4 in Fire Magic
  1539 | D:2      | Found a faded altar of an unknown god.
  1661 | D:2      | Found Upluxuic's Weapon Shop.
  2202 | D:3      | Noticed Ijyb
  2211 | D:3      | Noticed an ogre
  2221 | D:3      | Gained mutation: Your natural rate of healing is unusually
                  | fast. [Vine Stalker growth]
  2221 | D:3      | Reached XP level 4. HP: 21/21 MP: 0/8
  2233 | D:3      | Killed an ogre
  2234 | D:3      | Reached skill level 5 in Fire Magic
  2234 | D:3      | Reached skill level 2 in Short Blades
  2234 | D:3      | Reached XP level 5. HP: 23/24 MP: 3/9
  2304 | D:3      | Killed Ijyb
  3031 | D:3      | Found a glowing silver altar of Zin.
  3456 | D:4      | Reached skill level 3 in Short Blades
  3671 | D:4      | Reached XP level 6. HP: 27/28 MP: 3/10
  4025 | D:4      | Found a sacrificial altar of Ru.
  4177 | D:5      | Entered Level 5 of the Dungeon
  4287 | D:5      | Reached skill level 4 in Short Blades
  4293 | D:5      | Reached skill level 3 in Stealth
  4309 | D:5      | Reached skill level 4 in Stealth
  4386 | D:5      | Noticed an ice beast
  4394 | D:5      | Killed an ice beast
  4395 | D:5      | Reached skill level 5 in Stealth
  4395 | D:5      | Reached XP level 7. HP: 20/32 MP: 0/11
  4461 | D:5      | Found a stormy altar of Qazlal.
  4633 | D:5      | Reached skill level 6 in Stealth
  4842 | D:5      | Reached skill level 7 in Stealth
  5201 | D:5      | Reached skill level 8 in Stealth
  5201 | D:5      | Gained mutation: You have razor-sharp teeth. [Vine Stalker
                  | growth]
  5201 | D:5      | Reached XP level 8. HP: 13/36 MP: 4/12
  5492 | D:5      | Reached skill level 9 in Stealth
  5755 | D:5      | Found a hazy altar of Hepliaklqana.
  6102 | D:6      | Noticed a cyclops
  6459 | D:6      | Reached skill level 10 in Stealth
  6708 | D:6      | Found a runed translucent door.
  6786 | D:6      | Found a shimmering altar of Xom.
  6795 | D:6      | Hit by a large rock thrown by a cyclops

Vanquished Creatures
  An ice beast (D:5)
  2 centaurs (D:6)
  2 ogres
  A gnoll sergeant (D:5)
  A jelly (D:6)
  A howler monkey (D:5)
  An orc priest (D:5)
  A gnoll bouda (D:5)
  3 hounds
  5 iguanas
  Ijyb (D:3)
  2 orc wizards
  8 gnolls
  10 adders
  11 river rats (D:5)
  2 white imps (D:5)
  An ufetubus (D:5)
  2 dart slugs
  11 orcs
  9 endoplasms
  4 giant cockroaches
  13 goblins
  2 hobgoblins (D:2)
  3 jackals (D:4)
  5 kobolds
  8 quokkas
  5 ball pythons
  5 bats
  6 frilled lizards
  18 rats
144 creatures vanquished.

Vanquished Creatures (others)
  38 foxfires
38 creatures vanquished.

Grand Total: 182 creatures vanquished

Table legend: (Time is in decaauts)
 A = Elapsed time spent in this place.
 B = Non-inter-level travel time spent in this place.
 C = Inter-level travel time spent in this place.
 D = Time resting spent in this place.
 E = Time spent auto-exploring this place.
 F = Levels seen in this place.
 G = Mean time per level.
                   A        B        C        D        E       F      G
               +--------+--------+--------+--------+--------+-----+--------+
         Total |   6689 |   6409 |    280 |    283 |   5155 |   6 | 1114.8 |
       Dungeon |   6689 |   6409 |    280 |    283 |   5155 |   6 | 1114.8 |
               +--------+--------+--------+--------+--------+-----+--------+

Top non-repeatable levels by time:
     D:5: 1552 daAuts
     D:3: 1199 daAuts
     D:1: 1180 daAuts
     D:2: 977 daAuts
     D:6: 900 daAuts
     D:4: 878 daAuts

Table legend:
 A = Non-vault XP
 B = Vault XP
 C = Vault XP percentage of total XP
 D = Non-vault monster count
 E = Vault monster count
 F = Vault count percentage of total count
                 A         B        C        D         E       F
            +---------+---------+-------+---------+---------+-------
      Total |    1408 |     467 |  24.9 |      99 |      45 |  31.2
            +---------+---------+-------+---------+---------+-------
        D:1 |      32 |       0 |   0.0 |      20 |       0 |   0.0
        D:2 |      41 |       0 |   0.0 |      18 |       0 |   0.0
        D:3 |      35 |     168 |  82.8 |       7 |      10 |  58.8
        D:4 |     147 |       0 |   0.0 |      17 |       0 |   0.0
        D:5 |     744 |     299 |  28.7 |      26 |      35 |  57.4
        D:6 |     409 |       0 |   0.0 |      11 |       0 |   0.0
            +---------+---------+-------+---------+---------+-------
